 Dungeon Crawl Stone Soup version 0.18-a0-1267-gff090c1 (webtiles) character file.

58 namelastname112 the Shooter (level 3, -3/31 HPs)
             Began as a Draconian Hunter on Feb 7, 2016.
             Slain by Crazy Yiuf
             ... wielding a +2 quarterstaff of chaos
              (14 damage)
             ... on level 2 of the Dungeon.
             The game lasted 00:01:55 (1509 turns).

namelastname112 the Shooter (Draconian Hunter)      Turns: 1509, Time: 00:01:56

Health: -3/31      AC:  5    Str: 14    XL:     3   Next: 76%
Magic:  3/3        EV: 12    Int: 18    God:
Gold:   64         SH:  0    Dex: 12    Spells: 0 memorised, 2 levels left

rFire  + . .     SeeInvis +     a - +1 shortbow
rCold  + . .     Gourm    .     (armour unavailable)
rNeg   . . .     Faith    .     (shield currently unavailable)
rPois  +         Spirit   .     (helmet restricted)
rElec  +         Dismiss  .     (no cloak)
rCorr  +         Reflect  .     (no gloves)
SustAt .         Harm     .     (no boots)
MR     .....                    (no amulet)
Stlth  +.........               r - ring of see invisible
                                f - +2 ring of intelligence

@: brilliant, resistant, not resistant to hostile enchantments, very unstealthy
A: unfitting armour, cold-blooded, AC +5
a: no special abilities


You were on level 2 of the Dungeon.
You were hungry.

You visited 1 branch of the dungeon, and saw 2 of its levels.

You collected 64 gold pieces.

Inventory:

Hand Weapons
 a - a +1 shortbow (weapon)
 b - a +0 short sword
Missiles
 c - 26 arrows (quivered)
Jewellery
 f - a +2 ring of intelligence (left hand)
 r - a ring of see invisible (right hand)
Scrolls
 e - 4 scrolls of identify {unknown}
 h - a scroll of recharging {unknown}
 i - a scroll of enchant armour {unknown}
 j - 2 scrolls of noise {unknown}
 o - a scroll of enchant weapon {unknown}
 p - 2 scrolls of remove curse {unknown}
 q - a scroll of amnesia {unknown}
Potions
 m - a potion of curing
Comestibles
 d - 2 bread rations
 l - a meat ration


   Skills:
 + Level 3.1 Fighting
 * Level 4.2 Bows
 + Level 2.3 Dodging
 - Level 0.8 Stealth


You had 2 spell levels left.
You didn't know any spells.

Dungeon Overview and Level Annotations

Branches:
Dungeon (2/15)

Altars:

Annotations:
D:2 Crazy Yiuf


Innate Abilities, Weirdness & Mutations

Your plain brown scales are hard (AC +5).
Your body does not fit into most forms of armour.
You are cold-blooded and may be slowed by cold attacks.


Message History

Crazy Yiuf burns you.
Firing (i - inventory):
c - 29 arrows (quivered)
Press: ? - help, Shift-Dir - straight line, f/p - Crazy Yiuf
Aim: Crazy Yiuf, wielding a quarterstaff of chaos and wearing a cloak (heavily wounded, unusually agile)
You shoot an arrow. The arrow misses Crazy Yiuf.
Crazy Yiuf laughs, "Fluff forty-two bag!"
Crazy Yiuf hits you with a quarterstaff of chaos.
Firing (i - inventory):
c - 28 arrows (quivered)
Press: ? - help, Shift-Dir - straight line, f/p - Crazy Yiuf
Aim: Crazy Yiuf, wielding a quarterstaff of chaos and wearing a cloak (heavily wounded, unusually agile)
You shoot an arrow. The arrow hits Crazy Yiuf.
Crazy Yiuf is almost dead.
Crazy Yiuf hits you with a quarterstaff of chaos.
Crazy Yiuf draws strength from your injuries!
Firing (i - inventory):
c - 27 arrows (quivered)
Press: ? - help, Shift-Dir - straight line, f/p - Crazy Yiuf
Aim: Crazy Yiuf, wielding a quarterstaff of chaos and wearing a cloak (severely wounded, unusually agile)
You shoot an arrow. The arrow closely misses Crazy Yiuf.
Crazy Yiuf hits you with a quarterstaff of chaos!
You die...

...)......#####............#
...#......##...........#####
.#>#.......#......######
.#.#.......#......#
.#.#..............#
.#.#..............##♣♣ ###
..................#..♣♣ #..)#
).....................♣♣♣♣....(#
................@g(...(♣..♣
.......#..........#...♣.♣♣♣
##.#+###..........##♣♣♣♣♣
...#+###..........#
..................####
.....................#
.....................#
.....................#
.....................#


You could see Crazy Yiuf.

Vanquished Creatures
  An adder (D:2)
  2 oozes (D:1)
  2 worms (D:2)
  A ball python (D:1)
  4 bats
  3 giant cockroaches
  8 goblins
  4 hobgoblins (D:2)
  A quokka (D:1)
  A giant newt (D:2)
  4 kobolds
  4 rats
35 creatures vanquished.

Notes
Turn   | Place    | Note
--------------------------------------------------------------
     0 | D:1      | namelastname112 the Draconian Hunter began the quest for the Orb.
     0 | D:1      | Reached XP level 1. HP: 17/17 MP: 1/1
   120 | D:1      | Reached XP level 2. HP: 16/25 MP: 2/2
   519 | D:1      | Reached skill level 4 in Bows
   754 | D:2      | Reached XP level 3. HP: 22/30 MP: 3/3
  1489 | D:2      | Noticed Crazy Yiuf
  1509 | D:2      | Slain by Crazy Yiuf

Vault maps used:
D:1:      mushboom_english_gardens
D:2:      uniq_crazy_yiuf_cottage

Action                   || total
-------------------------++-------
Melee: Short sword       ||   117
 Fire: Shortbow          ||    12
  Use: Potion            ||     4
  Eat: Chunk             ||     1
